 Dungeon Crawl Stone Soup version 0.21.1-1-g345015f (webtiles) character file.

34 zishaf the Grave Robber (level 3, -1/24 HPs)
             Began as a Demonspawn Necromancer on May 6, 2018.
             Slain by a gnoll
             ... wielding a +0 club
              (5 damage)
             ... on level 1 of the Dungeon.
             The game lasted 00:04:01 (1551 turns).

zishaf the Grave Robber (Demonspawn Necromancer)    Turns: 1551, Time: 00:04:01

Health: -1/24      AC:  2    Str:  8    XL:     3   Next: 14%
Magic:  0/6        EV: 12    Int: 17    God:
Gold:   65         SH:  0    Dex: 13    Spells: 5/7 levels left

rFire    . . .     SeeInvis .   (no weapon)
rCold    . . .     Gourm    .   (no shield)
rNeg     . . .     Faith    .   a - +0 robe
rPois    .         Spirit   +   (no helmet)
rElec    .         Reflect  .   (no cloak)
rCorr    .         Harm     .   (no gloves)
MR       .....                  (no boots)
Stlth    ++........             (no amulet)
HPRegen  0.08/turn              (no ring)
MPRegen  0.10/turn              (no ring)

@: no status effects
A: claws 1, magic shield
a: no special abilities


You were on level 1 of the Dungeon.
You were not hungry.

You visited 1 branch of the dungeon, and saw 2 of its levels.

You collected 65 gold pieces.

Inventory:

Missiles
 g - 43 arrows
Armour
 a - a +0 robe (worn)
Scrolls
 e - a scroll of blinking {unknown}
 h - a scroll of immolation {unknown}
 i - a scroll of fear {unknown}
Potions
 d - a potion of lignification {unknown}
 f - a potion of haste {unknown}
Books
 b - a book of Necromancy

   Spells                             Type                      Level
   a - Pain                           Necromancy                   1
   b - Animate Skeleton               Necromancy                   1
   c - Vampiric Draining              Necromancy                   3
   d - Regeneration                   Charms/Necromancy            3
   e - Animate Dead                   Necromancy                   4
   f - Borgnjor's Vile Clutch         Necromancy/Earth             5
Comestibles
 c - 2 rations


   Skills:
 - Level 1.7 Dodging
 + Level 2.4 Stealth
 + Level 2.5 Spellcasting
 + Level 4.8 Necromancy


You had 5 spell levels left.
You knew the following spells:

 Your Spells              Type           Power        Failure   Level  Hunger
a - Pain                  Necr           ###.         2%          1    #......
b - Animate Skeleton      Necr           N/A          2%          1    #......


Dungeon Overview and Level Annotations

Branches:
Dungeon (2/15)

Altars:


Innate Abilities, Weirdness & Mutations

You have sharp fingernails.
When hurt, damage is shared between your health and your magic reserves.


Message History

Confirm with . or Enter, or press ? or * to list all spells.
Aiming: Pain
Press: ? - help, Shift-Dir - straight line, f/p - gnoll
Aim: a gnoll, wielding a club (moderately wounded, chance to defeat MR: 84%)
The gnoll writhes in agony!
The gnoll misses you.
There is an open door here.
There is an open door here.
The gnoll hits you with a club.
* * * LOW HITPOINT WARNING * * *
The gnoll barely misses you.
There is an open door here.
Casting: Pain
Confirm with . or Enter, or press ? or * to list all spells.
Aiming: Pain
Press: ? - help, Shift-Dir - straight line, f/p - gnoll
Aim: a gnoll, wielding a club (moderately wounded, chance to defeat MR: 84%)
The gnoll barely resists.
The gnoll hits you with a club!
You die...

#.# #######......###### # #.#
#...........# # ###.#####
#.#.##.####.# # ........#
#......# #.# #### #.....#.#
###.#### #.#####.## #.###.#.#
##'## #......#.# #.# #.#.#
##...## #######.## #.###...#
##..g..## ### #.# #.......#
##...@...## ##.###.##
........####.........####........
#.#........'.........'.......>...
#.#.....####.........####...##.##
#.##...## ##.......## ##.....##
#.##...# ##.....## ##..####
#......# ##...## #..#### ......##
##'## #...... ####.## #.# ##.####


You could see a gnoll.

Vanquished Creatures
  2 gnolls
  2 bats
  2 giant cockroaches
  2 goblins (D:1)
  A hobgoblin (D:1)
  3 kobolds (D:1)
  3 rats (D:1)
15 creatures vanquished.

Notes
Turn   | Place    | Note
-------+----------+-------------------------------------------
     0 | D:1      | zishaf the Demonspawn Necromancer began the quest for the Orb.
     0 | D:1      | Reached XP level 1. HP: 13/13 MP: 3/3
   426 | D:1      | Gained mutation: You have sharp fingernails. [demonic ancestry]
   426 | D:1      | Reached XP level 2. HP: 19/19 MP: 3/5
   962 | D:1      | Learned a level 1 spell: Animate Skeleton
  1458 | D:2      | Gained mutation: When hurt, damage is shared between your health and your magic reserves. [demonic ancestry]
  1458 | D:2      | Reached XP level 3. HP: 20/24 MP: 1/6
  1551 | D:1      | Slain by a gnoll

Skill      XL: |  1 |
---------------+----+-----
Stealth        | 2 |  2.4
Dodging        | |  1.7
Spellcasting   | |  2.5
Necromancy     | |  4.8

Action                   || total
-------------------------++-------
Melee: Unarmed           ||    22
 Cast: Pain              ||    27
  Eat: Ration            ||     1
Armor: Robe              ||     8
Dodge: Dodged            ||    22
